 Dungeon Crawl Stone Soup version 0.32-a0-20-ge526923d97 (webtiles) character file.

Game seed: 4341112512112508995

321400 cforsyth the Slayer (level 21, -13/236 (303) HPs)
             Began as an Oni Shapeshifter on Jan 17, 2024.
             Was the Champion of Qazlal.
             Mangled by a war gargoyle
             ... wielding a +6 morningstar of draining
             ... led by a peacekeeper
              (18 damage)
             ... on level 4 of the Vaults.
             The game lasted 01:04:19 (48167 turns).

cforsyth the Slayer (Oni Shapeshifter)             Turns: 48167, Time: 01:04:19

HP:   -13/236 (303) AC: 18    Str: 37    XL:     21   Next: 52%
MP:   31/31         EV: 18    Int: 11    God:    Qazlal [******]
Gold: 2496          SH:  8    Dex:  8    Spells: 20/20 levels left

rFire   . .          .
                       - Unarmed
rCold   . . .        (shield currently unavailable)
rNeg    . . .        v - melded +1 troll leather armour {Pargi}
rPois   +            (helmet currently unavailable)
rElec   .            (cloak currently unavailable)
rCorr   .            (gloves unavailable)
SInv    .            (boots unavailable)
Will    +++..        n - amulet of the acrobat
Stlth   +            g - +5 ring of evasion
HPRegen 0.59/turn    R - ring of willpower
MPRegen 0.22/turn

%: repel missiles, acrobat
@: about to teleport, snake-form, marked, protected from physical damage,
studying Stealth, heavily drained
A: constrict, boosted hp, large, unfitting armour, (horns 1), (tough skin 1),
double potion healing, drunken brawling
}: 2/15 runes: serpentine, barnacled
a: Begin Untransformation, Renounce Religion, Upheaval, Elemental Force,
Disaster Area


You were on level 4 of the Vaults.
You worshipped Qazlal.
Qazlal was exalted by your worship.
You were an enormous serpent.
You visited 7 branches of the dungeon, and saw 35 of its levels.
You visited 1 bazaar.
You also visited: Sewer, Bailey and Ice Cave.

You collected 4301 gold pieces.
You spent 1805 gold pieces at shops.

Inventory:

Armour
 p - the scarf of the Pleiades {rC+ rF+, rPois Int+4}
   (You acquired it on level 6 of the Dungeon)

   Int+4:     It affects your intelligence (+4).
   rPois:     It protects you from poison
 v - a +1 troll leather armour (melded) {Pargi}
 N - a +1 cloak of poison resistance
Jewellery
 g - a +5 ring of evasion (left hand)
 n - an amulet of the acrobat (around neck)
 y - a ring of protection from fire
 D - a +5 ring of evasion
 I - a ring of protection from fire
 O - a ring of positive energy
 R - a ring of willpower (right hand)
 U - a ring of positive energy
 W - the ring "Eracir" {Wiz +Blink Str-4 Int+5 Slay+2}
   (You found it on level 5 of the Lair of Beasts)

   [ring of wizardry]

   Wiz:       It improves your spell success rate.
   Str-4:     It affects your strength (-4).
   Int+5:     It affects your intelligence (+5).
   Slay+2:    It affects your accuracy & damage with ranged weapons and melee
   (+2).
   +Blink:    It lets you blink.
 Z - a ring of resist corrosion
Talismans
 c - a beast talisman
 d - a flux talisman
 S - a serpent talisman (active)
 V - a talisman of death
Wands
 o - a wand of digging (7)
 r - a wand of paralysis (33)
 t - a wand of flame (58)
 A - a wand of light (14)
 Q - a wand of roots (26)
Scrolls
 a - 5 scrolls of enchant weapon
 f - a scroll of silence
 h - 13 scrolls of teleportation
 j - 6 scrolls of poison
 k - 12 scrolls of immolation
 u - 8 scrolls of enchant armour
 x - 7 scrolls of amnesia
 E - 3 scrolls of butterflies
 H - 9 scrolls of fog
 K - 5 scrolls of vulnerability
 L - a scroll of acquirement
 P - 7 scrolls of fear
 X - 9 scrolls of revelation
 Y - 2 scrolls of blinking
Potions
 b - 7 potions of lignification
 e - 4 potions of heal wounds
 i - 8 potions of cancellation
 l - 5 potions of mutation
 m - 6 potions of brilliance
 q - 8 potions of might
 s - a potion of curing
 w - 6 potions of attraction
 z - 6 potions of magic
 B - a potion of berserk rage
 C - 10 potions of enlightenment
 F - 7 potions of haste
 G - 2 potions of invisibility
 J - 4 potions of resistance
 M - a potion of experience
Miscellaneous
 T - a lightning rod (4/4)


   Skills:
 - Level 24.1 Fighting
 - Level 13.2 Dodging
 - Level 17.8 Unarmed Combat
 + Level 14.1 Invocations
 + Level 19.6 Shapeshifting


You had 20 spell levels left.
You didn't know any spells.
Your spell library contained the following spells:

 Spells                   Type           Power      Damage    Failure   Level
 Apportation              Tloc           0%         N/A       34%         1
 Foxfire                  Conj/Fire      0%         2x1d4     34%         1
 Magic Dart               Conj           0%         1d3       34%         1
 Necrotise                Necr           0%         1d4       34%         1
 Sandblast                Erth           0%         2d4       34%         1
 Shock                    Conj/Air       0%         1d3       34%         1
 Sting                    Conj/Alch      0%         1d3       34%         1
 Summon Small Mammal      Summ           0%         N/A       34%         1
 Blink                    Tloc           0%         N/A       47%         2
 Call Imp                 Summ           0%         N/A       47%         2
 Cigotuvi's Dreadful Rot  Necr/Alch/Air  0%         N/A       47%         2
 Ensorcelled Hibernation  Hex/Ice        0%         N/A       47%         2
 Lesser Beckoning         Tloc           0%         N/A       47%         2
 Mercury Vapours          Alch/Air       0%         N/A       47%         2
 Static Discharge         Conj/Air       0%         3-3/arc   47%         2
 Call Canine Familiar     Summ           0%         N/A       71%         3
 Fugue of the Fallen      Necr           0%         N/A       71%         3
 Gell's Gravitas          Tloc           0%         N/A       71%         3
 Inner Flame              Hex/Fire       0%         N/A       71%         3
 Mephitic Cloud           Conj/Alch/Air  0%         N/A       71%         3
 Passwall                 Erth           0%         N/A       71%         3
 Sigil of Binding         Hex            0%         N/A       71%         3
 Stone Arrow              Conj/Erth      0%         3d7       71%         3
 Summon Ice Beast         Ice/Summ       0%         N/A       71%         3
 Swiftness                Air            0%         N/A       71%         3
 Teleport Other           Tloc           0%         N/A       71%         3
 Tukima's Dance           Hex            0%         N/A       71%         3
 Airstrike                Air            0%         2d(0-16)  98%         4
 Anguish                  Hex/Necr       0%         N/A       98%         4
 Animate Armour           Summ/Erth      0%         N/A       98%         4
 Animate Dead             Necr           0%         N/A       98%         4
 Brom's Barrelling Bould  Conj/Erth      0%         2d3       98%         4
 Cause Fear               Hex            0%         N/A       98%         4
 Dimensional Bullseye     Hex/Tloc       0%         N/A       98%         4
 Ignite Poison            Fire/Alch      0%         N/A       98%         4
 Iskenderun's Mystic Bla  Conj/Tloc      0%         2d3       98%         4
 Petrify                  Alch/Erth      0%         N/A       98%         4
 Alistair's Intoxication  Alch           0%         N/A       100%        5
 Borgnjor's Vile Clutch   Necr/Erth      0%         N/A       100%        5
 Curse of Agony           Necr           0%         N/A       100%        5
 Fireball                 Conj/Fire      0%         3d3       100%        5
 Freezing Cloud           Conj/Ice/Air   0%         6-21      100%        5
 Summon Mana Viper        Hex/Summ       0%         N/A       100%        5
 Conjure Ball Lightning   Conj/Air       0%         3x3d6     100%        6
 Death Channel            Necr           0%         N/A       100%        6
 Eringya's Noxious Bog    Alch           0%         4d6       100%        6
 Plasma Beam              Fire/Air       0%         2x1d10    100%        6
 Sculpt Simulacrum        Ice/Alch       0%         N/A       100%        6
 Starburst                Conj/Fire      0%         6d3       100%        6
 Haunt                    Necr/Summ      0%         N/A       100%        7
 Monstrous Menagerie      Summ           0%         N/A       100%        7
 Ozocubu's Refrigeration  Ice            0%         4d7       100%        7
 Discord                  Hex            0%         N/A       100%        8
 Disjunction              Tloc           0%         N/A       100%        8
 Infestation              Necr           0%         N/A       100%        8
 Lehudib's Crystal Spear  Conj/Erth      0%         10d2      100%        8
 Dragon's Call            Summ           0%         N/A       100%        9
 Polar Vortex             Ice            0%         N/A       100%        9


Dungeon Overview and Level Annotations

Branches:
Dungeon (15/15)            Temple (1/1) D:4            Lair (5/5) D:10
 Shoals (4/4) Lair:3        Snake (4/4) Lair:2        Slime (0/5) Lair:4
    Orc (2/2) D:11            Elf (0/3) Orc:2        Vaults (4/5) D:14
  Crypt (0/3) Vaults:3     Depths (0/4) D:15          Sewer (visited)
 Bailey (visited)           IceCv (visited)

Altars:
Ashenzari
Cheibriados
Dithmenos
Elyvilon
Fedhas
Gozag
Hepliaklqana
Kikubaaqudgha
Makhleb
Nemelex Xobeh
Okawaru
Qazlal
Ru
Sif Muna
Trog
Uskayaw
Vehumet
Wu Jian
Xom
Yredelemnul
Zin
The Shining One
Jiyva

Shops:
D:7 *   Orc:2 :*[(   Shoals:2 (   Snake:1 [?**   Snake:3 **   Vaults:1 ?
Vaults:2 ?[   Vaults:3 (

Portals:
Trove: D:13 (give +2 gold dragon scales)


Innate Abilities, Weirdness & Mutations

You are an enormous serpent.
You have a powerful constriction melee attack.
Your maximum health is increased.
Your armour is entirely melded.
You are incapable of wielding weapons or throwing items.
You are too large for most types of armour.
((You have a pair of small horns on your head.))
((You have tough skin. (AC +1)))
You gain doubled healing and magic from potions.
Whenever you drink a healing potion, you attack all around you.


Message History

The yaktaur captain closely misses you.
You are too injured to fight recklessly!
You are too injured to fight recklessly!
You are too injured to fight recklessly!
You are too injured to fight recklessly!
You are too injured to fight recklessly!
You are too injured to fight recklessly!
You are too injured to fight recklessly!
You are too injured to fight recklessly!
You lash the yaktaur captain!
The yaktaur captain is heavily wounded.
You constrict the war gargoyle. You block the peacekeeper's attack.
The peacekeeper claws you!
The war gargoyle launches metal splinters at you.
The spray of metal splinters misses you.
The ironbound preserver hits you with a +0 morningstar!
A slime creature comes into view.
You lash the ironbound preserver!
The ironbound preserver is lightly wounded.
You constrict the war gargoyle!
The yaktaur captain is engulfed in blazing flames.
You block the yaktaur captain's attack.
The peacekeeper bites you but does no damage.
The peacekeeper misses you.
The war gargoyle hits you with a +6 morningstar of draining!!!
* * * LOW HITPOINT WARNING * * *
You feel more protected from physical attacks.
You feel drained.
* * * LOW HITPOINT WARNING * * *
The sphinx casts a spell.
Something smites you!
* * * LOW HITPOINT WARNING * * *
The ironbound preserver barely misses you.
As you read the scroll of teleportation, it crumbles to dust.
You feel strangely unstable.
You constrict the war gargoyle. The peacekeeper barely misses you.
The peacekeeper completely misses you.
The war gargoyle hits you with a +6 morningstar of draining!!!
* * * LOW HITPOINT WARNING * * *
You feel drained.
You die...

......... .........#
###.....
.......J.#.....^. #.....
.........#....... #.....
.......J.#....... #..###
.........#....... #..'..
.....JHc.#....... #..#..
.....p9p.#....... #..#..
.....§cSc'....... #..#..
......9).)....... #..#..
.....☼.☼.#....... #..#..
.........##########..###
........................
..............##########
..............# #......#
..............####....##
.............#.###..###


You could see an ironbound preserver, a sphinx, a yaktaur captain, 3 slime
creatures, a war gargoyle (strong, catching breath), a peacekeeper, 2 yaktaurs
and an arcanist.

Vanquished Creatures
  Mara (Shoals:4)
  Bai Suzhen (Shoals:3)
  Saint Roka (Orc:2)
  Vashnia (Snake:3)
  Nikola (Snake:3)
  Mlioglotl (Shoals:1)
  A sphinx (Vaults:4)
  Gastronok (D:8)
  The ghost of jestert79 the Warrior, an adept HOFi of Beogh (Snake:2)
  Kirke (Shoals:1)
  Polyphemus (Shoals:2)
  2 nagarajas (Snake:4)
  Aizul (Snake:4)
  The ghost of Jais Joink the Severer, an adept FoFi of Okawaru (D:15)
  A storm dragon (D:15)
  A fire giant (Vaults:3)
  12 vault wardens
  15 ironbound preservers
  An angel (Shoals:3)
  Louise (Snake:3)
  2 orc warlords
  4 formless jellyfish
  Nessos (Lair:5)
  A deep elf death mage (Vaults:1)
  6 ironbound thunderhulks
  Azrael (Orc:2)
  4 dire elephants
  A vampire knight (Vaults:3)
  Snorg (Orc:2)
  An ettin (Vaults:2)
  2 crystal guardians
  11 merfolk impalers
  Josephine (Lair:4)
  7 yaktaur captains
  4 merfolk javelineers
  4 great orbs of eyes
  2 jiangshi (Vaults:3)
  3 entropy weavers
  8 salamander tyrants
  Erolcha (D:13)
  An ogre mage (D:15)
  3 peacekeepers
  13 vault guards
  3 boulder beetles
  An ice dragon (D:12)
  14 ironbound frosthearts
  7 hydras
  2 alligator snapping turtles (Shoals:4)
  11 anacondas
  2 catoblepae
  4 merfolk avatars (Shoals:1)
  6 merfolk aquamancers
  11 two-headed ogres
  A deep troll shaman (Lair:5)
  33 death yaks
  8 centaur warriors
  11 shock serpents
  A deep troll earth mage (D:15)
  18 naga warriors
  3 satyrs
  Urug (Orc:2)
  2 orc high priests (Orc:2)
  3 tengu warriors
  10 naga sharpshooters
  A spriggan (Lair:3)
  A storm dragon zombie (Vaults:4)
  7 skysharks
  Amaemon (D:10)
  10 skeletal warriors
  A fire crab (shapeshifter) (Vaults:3)
  7 salamander mystics
  10 sea snakes
  14 mana vipers
  2 cherubim (Shoals:4)
  Lodul (D:11)
  5 arcanists
  10 naga ritualists
  14 deep trolls
  An obsidian statue (Snake:3)
  18 ironbound convokers
  4 orc knights
  4 lindwurms
  A deep elf pyromancer (D:12)
  15 harpies
  3 necromancers
  8 fauns (Shoals:3)
  3 orc sorcerers (Orc:2)
  22 salamanders
  11 cyclopes
  15 ugly things
  16 manticores
  14 elephants
  4 water nymphs
  A stone giant skeleton (Vaults:4)
  31 black mambas
  4 kobold blastminers (Orc:1)
  29 slime creatures
  10 merfolk sirens
  An ice statue (IceCv)
  A black mamba (shapeshifter) (D:11)
  A water nymph (shapeshifter) (Vaults:2)
  10 guardian serpents
  10 vault sentinels
  18 naga magi
  A gargoyle (D:11)
  2 torpor snails (Lair:5)
  The ghost of Pokonic1 the Trooper, a novice DsFE (D:5)
  12 cane toads
  A torpor snail (shapeshifter) (D:15)
  A kobold demonologist (D:12)
  2 rime drakes
  16 yaktaurs
  2 tengu conjurers
  An orange demon (Lair:1)
  10 komodo dragons
  2 freezing wraiths (D:15)
  An efreet (D:14)
  6 trolls
  27 merfolk
  14 polar bears
  27 blink frogs
  5 wind drakes
  A hornet (Lair:3)
  Prince Ribbit (D:5)
  8 snapping turtles
  7 dream sheep (Lair:5)
  An elf zombie (Vaults:3)
  Sigmund (D:4)
  7 water elementals
  2 vampires
  4 wraiths
  An elf simulacrum (Vaults:4)
  A deep troll skeleton (Vaults:3)
  6 wyverns
  56 yaks
  A golden eye (shapeshifter) (D:15)
  A human (Shoals:1)
  3 basilisks
  3 fire elementals (Orc:2)
  5 redbacks
  2 hogs (Shoals:1)
  4 vampire mosquitoes (D:13)
  3 wargs
  37 nagas
  An ogre zombie (Vaults:4)
  A hell hound (Orc:2)
  13 water moccasins
  An acid dragon (D:5)
  A glowing shapeshifter skeleton (Vaults:4)
  Pargi (Sewer)
  2 ice beasts
  45 orc warriors
  Duvessa (D:6)
  3 black bears
  8 ogres
  A laughing skull (Vaults:3)
  35 wolves
  4 boggarts (Vaults:2)
  A wolf (shapeshifter) (D:15)
  9 centaurs
  2 kobold brigands
  A phantom (D:6)
  12 bullfrogs
  2 brain worms (Sewer)
  A gnoll sergeant (D:10)
  3 scorpions
  A human skeleton (Vaults:3)
  4 wights (D:9)
  Dowan (D:6)
  12 killer bees
  4 electric eels (D:12)
  5 howler monkeys
  3 bombardier beetles
  A bullfrog zombie (D:5)
  2 hounds
  10 jellies
  2 gnoll boudas
  21 orc priests
  4 sleepcaps
  8 iguanas
  37 orc wizards
  6 hell rats
  A hound zombie (D:5)
  Robin (D:1)
  8 adders
  24 gnolls
  7 river rats
  A shadow imp (D:5)
  2 ufetubi
  4 ribbon worms
  4 dart slugs
  103 orcs
  11 ball pythons
  4 endoplasms
  5 giant cockroaches
  26 goblins
  16 hobgoblins
  36 kobolds
  6 quokkas
  3 bats
  3 frilled lizards
  13 rats
1452 creatures vanquished.

Vanquished Creatures (others)
  A mana viper (Snake:4)
  A merfolk siren (Shoals:3)
  3 black mambas (Snake:4)
  4 nagas (Snake:4)
9 creatures vanquished.

Grand Total: 1461 creatures vanquished

Notes
Turn   | Place    | Note
-------+----------+-------------------------------------------
     0 | D:1      | cforsyth the Oni Shapeshifter began the quest for the Orb.
     0 | D:1      | Reached XP level 1. HP: 19/19 MP: 1/1
   171 | D:1      | Reached skill level 2 in Fighting
   171 | D:1      | Reached XP level 2. HP: 28/28 MP: 2/2
   184 | D:1      | Found a faded altar of an unknown god.
   824 | D:2      | Reached XP level 3. HP: 36/36 MP: 3/3
   961 | D:2      | Reached skill level 3 in Fighting
   968 | D:2      | Reached XP level 4. HP: 5/45 MP: 0/4
  1270 | D:2      | Noticed Robin
  1498 | D:1      | Killed Robin
  1829 | D:2      | Found a sacrificial altar of Ru.
  2120 | D:3      | Found a sparkling altar of Nemelex Xobeh.
  2179 | D:3      | Reached XP level 5. HP: 54/54 MP: 5/5
  2179 | D:3      | Found a glowing drain.
  2186 | Sewer    | Entered a sewer
  2416 | Sewer    | Reached skill level 4 in Fighting
  2515 | Sewer    | Reached XP level 6. HP: 47/63 MP: 1/6
  2622 | Sewer    | Noticed Pargi
  2640 | Sewer    | Killed Pargi
  2641 | Sewer    | Reached skill level 5 in Fighting
  3441 | D:4      | Noticed a black bear
  3447 | D:4      | Killed a black bear
  3448 | D:4      | Reached XP level 7. HP: 69/74 MP: 7/7
  3819 | D:4      | Reached skill level 5 in Shapeshifting
  3825 | D:4      | Found a staircase to the Ecumenical Temple.
  3912 | Temple   | Entered the Ecumenical Temple
  3919 | Temple   | Became a worshipper of Qazlal Stormbringer
  4009 | D:4      | Reached skill level 6 in Fighting
  4134 | D:4      | Noticed Sigmund
  4157 | D:4      | Killed Sigmund
  4158 | D:4      | Reached skill level 5 in Unarmed Combat
  4295 | D:5      | Entered Level 5 of the Dungeon
  4295 | D:5      | Found a burning altar of Makhleb.
  4556 | D:5      | Reached XP level 8. HP: 84/84 MP: 8/8
  4582 | D:5      | Reached skill level 7 in Fighting
  4937 | D:5      | Found a basalt altar of Yredelemnul.
  5077 | D:5      | Found a runed translucent gate.
  5077 | D:5      | Found a runed translucent gate.
  5079 | D:5      | Found a runed translucent gate.
  5094 | D:5      | Noticed Pokonic1's ghost (novice DsFE)
  5189 | D:5      | Found an ornate altar of the Wu Jian Council.
  5254 | D:5      | Noticed Prince Ribbit
  5269 | D:5      | Killed Prince Ribbit
  5270 | D:5      | Reached skill level 8 in Fighting
  5381 | D:5      | Noticed an Executioner
  5384 | D:5      | Noticed a ynoxinul
  5384 | D:5      | Noticed a ynoxinul
  5418 | D:6      | Noticed Duvessa
  5418 | D:6      | Noticed Dowan
  5424 | D:6      | Identified a scroll of acquirement
  5424 | D:6      | Acquired the scarf of the Pleiades {rC+ rF+, rPois Int+4}
  5453 | D:6      | Killed Duvessa
  5474 | D:6      | Killed Dowan
  5519 | D:5      | Reached XP level 9. HP: 93/97 MP: 9/9
  5527 | D:5      | Reached * piety under Qazlal
  5594 | D:6      | Found a broken altar of Ashenzari.
  5744 | D:5      | Reached skill level 9 in Fighting
  6436 | D:7      | Identified the +7 trident of Disintegration {venom, rPois
                  | rN+ Str+2 Dex+2}
  6494 | D:7      | Reached ** piety under Qazlal
  6541 | D:7      | Reached skill level 10 in Fighting
  6751 | D:7      | Found Wueh's General Store.
  6943 | D:7      | Reached XP level 10. HP: 111/111 MP: 10/10
  7064 | D:7      | Found a shimmering blue altar of Sif Muna.
  7386 | D:8      | Noticed a two-headed ogre
  7403 | D:8      | Killed a two-headed ogre
  7404 | D:8      | Reached skill level 11 in Fighting
  7406 | D:8      | Reached *** piety under Qazlal
  7676 | D:8      | Noticed a two-headed ogre
  7684 | D:8      | Killed a two-headed ogre
  7744 | D:8      | Found a sacrificial altar of Ru.
  7792 | D:8      | Noticed Gastronok
  7817 | D:8      | Killed Gastronok
  7818 | D:8      | Reached skill level 12 in Fighting
  7818 | D:8      | Reached XP level 11. HP: 44/124 MP: 11/11
  8122 | D:8      | Identified the +5 long sword of Peril {pain, rF+ Str+3
                  | Dex+3}
  8236 | D:9      | Found a flagged portal.
  8243 | Bailey   | Entered a bailey
  8337 | Bailey   | Noticed an orc knight
  8350 | Bailey   | Killed an orc knight
  8357 | Bailey   | Reached **** piety under Qazlal
  8569 | Bailey   | Noticed an orc warlord
  8638 | Bailey   | Reached skill level 13 in Fighting
  9656 | D:9      | Found a shadowy altar of Dithmenos.
  9889 | D:9      | Found a glowing silver altar of Zin.
 10016 | D:10     | Entered Level 10 of the Dungeon
 10027 | D:10     | Noticed a two-headed ogre
 10038 | D:10     | Killed a two-headed ogre
 10149 | D:10     | Noticed a death yak
 10149 | D:10     | Noticed a death yak
 10155 | D:10     | Noticed a death yak
 10165 | D:9      | Killed a death yak
 10166 | D:9      | Reached skill level 10 in Shapeshifting
 10357 | D:10     | Found a staircase to the Lair.
 10415 | D:10     | Reached skill level 10 in Unarmed Combat
 11484 | D:9      | Killed a death yak
 11533 | D:10     | Killed a death yak
 11534 | D:10     | Reached skill level 14 in Fighting
 11749 | D:10     | Found a staircase to the Lair.
 11955 | D:11     | Reached ***** piety under Qazlal
 11969 | D:11     | Found a staircase to the Orcish Mines.
 12017 | D:11     | Noticed Lodul
 12080 | D:11     | Killed Lodul
 12081 | D:11     | Reached XP level 12. HP: 140/140 MP: 12/12
 12285 | D:11     | Noticed a two-headed ogre
 12644 | D:11     | Killed a two-headed ogre
 12675 | D:12     | Noticed a two-headed ogre
 12682 | D:12     | Killed a two-headed ogre
 12683 | D:12     | Reached skill level 15 in Fighting
 12733 | D:12     | Found a frozen archway.
 12733 | D:12     | Noticed an ice dragon
 12751 | D:12     | Killed an ice dragon
 12775 | IceCv    | Entered an ice cave
 13163 | IceCv    | Reached skill level 16 in Fighting
 13168 | IceCv    | Reached XP level 13. HP: 152/152 MP: 13/13
 13311 | IceCv    | Reached ****** piety under Qazlal
 13839 | D:12     | Reached skill level 17 in Fighting
 14199 | Lair:1   | Entered Level 1 of the Lair of Beasts
 14211 | Lair:1   | Noticed Amaemon
 14341 | D:10     | Killed Amaemon
 15254 | Lair:2   | Reached XP level 14. HP: 122/167 MP: 14/14
 15261 | Lair:2   | Found a staircase to the Snake Pit.
 16130 | Lair:3   | Reached skill level 18 in Fighting
 16186 | Lair:3   | Found a staircase to the Shoals.
 17098 | Lair:4   | Reached skill level 5 in Dodging
 17550 | Lair:4   | Found a viscous altar of Jiyva.
 17550 | Lair:4   | Found a staircase to the Slime Pits.
 17976 | Lair:5   | Entered Level 5 of the Lair of Beasts
 18124 | Lair:5   | Reached XP level 15. HP: 128/179 MP: 15/15
 18390 | Lair:5   | Reached skill level 19 in Fighting
 18392 | Lair:5   | Noticed Josephine
 18400 | Lair:5   | Noticed Nessos
 19118 | Lair:4   | Killed Josephine
 19673 | Lair:5   | Killed Nessos
 20449 | Lair:5   | Identified the ring "Eracir" {Wiz +Blink Str-4 Int+5
                  | Slay+2}
 20821 | Orc:1    | Entered Level 1 of the Orcish Mines
 21097 | Orc:2    | Entered Level 2 of the Orcish Mines
 21136 | Orc:2    | Noticed Snorg
 21317 | Orc:2    | Killed Snorg
 21451 | Orc:2    | Noticed Urug
 21468 | Orc:2    | Killed Urug
 21480 | Orc:2    | Reached skill level 20 in Fighting
 21481 | Orc:2    | Noticed an orc warlord
 21506 | Orc:1    | Killed an orc warlord
 21507 | Orc:1    | Reached XP level 16. HP: 151/192 MP: 16/16
 21736 | Orc:2    | Noticed Azrael
 21743 | Orc:2    | Killed Azrael
 21760 | Orc:2    | Noticed Saint Roka
 21778 | Orc:2    | Killed Saint Roka
 22093 | Orc:2    | Found Wygar's Antique Weapon Emporium.
 22218 | Orc:2    | Found a staircase to the Elven Halls.
 22267 | Orc:2    | Found Uwnen's General Store.
 22282 | Orc:2    | Found Begioskor's Book Emporium.
 22465 | Orc:2    | Found Biun's Antique Armour Emporium.
 22919 | D:13     | Found a portal to a secret trove of treasure.
 23240 | D:13     | Noticed Erolcha
 23251 | D:13     | Killed Erolcha
 23741 | D:14     | Reached skill level 15 in Shapeshifting
 23747 | D:14     | Reached skill level 15 in Unarmed Combat
 23848 | D:14     | Found a gate to the Vaults.
 24238 | D:14     | Identified the staff "Gieth" {Fly rN+ Necro}
 24856 | D:15     | Entered Level 15 of the Dungeon
 25017 | D:15     | Found a runed translucent gate.
 25018 | D:15     | Found a runed translucent gate.
 25018 | D:15     | Noticed Jais Joink's ghost (adept FoFi)
 25019 | D:15     | Found a runed translucent gate.
 25126 | D:15     | Noticed a storm dragon
 25131 | D:15     | Killed a storm dragon
 25166 | D:15     | Reached skill level 21 in Fighting
 25265 | D:15     | Found a staircase to the Depths.
 25999 | D:15     | Killed Jais Joink's ghost
 26011 | D:15     | Reached XP level 17. HP: 86/205 MP: 17/17
 26022 | D:15     | Identified the ring "Odwicaz" {MP+9 Dex+4 Slay-6}
 26617 | D:5      | Killed Pokonic1's ghost
 26780 | Snake:1  | Entered Level 1 of the Snake Pit
 26873 | Snake:1  | Identified the staff of World's End {rN+ Int+4 Necro}
 27105 | Snake:1  | Found Naiv's General Store.
 27105 | Snake:1  | Found Yvu Node's Magic Scroll Boutique.
 27106 | Snake:1  | Found Haibris's Armour Boutique.
 27110 | Snake:1  | Found Ranesid's General Store.
 27665 | Snake:2  | Reached skill level 10 in Dodging
 29418 | Snake:3  | Found a runed translucent gate.
 29418 | Snake:3  | Found a runed translucent gate.
 29418 | Snake:3  | Found a runed translucent gate.
 29418 | Snake:3  | Found an opulent altar of Gozag.
 29418 | Snake:3  | Found Volutaky's Assorted Antiques.
 29418 | Snake:3  | Found Bogill's Assorted Antiques.
 29418 | Snake:3  | Noticed jestert79's ghost (adept HOFi)
 29435 | Snake:3  | Noticed Vashnia
 29448 | Snake:3  | Reached skill level 22 in Fighting
 29454 | Snake:3  | Killed Vashnia
 29837 | Snake:2  | Killed jestert79's ghost
 30027 | Snake:3  | Reached XP level 18. HP: 203/218 MP: 18/18
 30137 | Snake:3  | Bought a potion of curing for 99 gold pieces
 30154 | Snake:4  | Entered Level 4 of the Snake Pit
 30154 | Snake:4  | Noticed Nikola
 30640 | Snake:4  | Noticed Louise
 30645 | Snake:3  | Killed Nikola
 30750 | Snake:3  | Killed Louise
 30993 | Snake:4  | Identified the serpent talisman of Submission {rF- Int+2
                  | Stlth+}
 30993 | Snake:4  | Noticed Aizul
 31005 | Snake:4  | Killed Aizul
 32991 | Snake:4  | Reached skill level 1 in Invocations
 33446 | Snake:4  | Got a serpentine rune of Zot
 33498 | Snake:4  | Reached skill level 23 in Fighting
 33675 | Snake:4  | Found a gateway to a bazaar.
 33845 | Bazaar   | Entered a bazaar
 33845 | Bazaar   | Found Guecipt's Book Shoppe.
 33854 | Bazaar   | Found Risurer's Distillery.
 33862 | Bazaar   | Bought a potion of heal wounds for 50 gold pieces
 33862 | Bazaar   | Bought a potion of heal wounds for 50 gold pieces
 33862 | Bazaar   | Bought a potion of heal wounds for 50 gold pieces
 33862 | Bazaar   | Bought a potion of curing for 30 gold pieces
 33862 | Bazaar   | Bought a potion of magic for 80 gold pieces
 33862 | Bazaar   | Bought a potion of curing for 30 gold pieces
 33862 | Bazaar   | Bought a potion of lignification for 30 gold pieces
 33875 | Bazaar   | Found Gavu's Book Shoppe.
 33889 | Bazaar   | Found Vofol's Book Shop.
 33891 | Bazaar   | Found Zycyorec's Magic Scroll Shop.
 33900 | Bazaar   | Bought a scroll of butterflies for 24 gold pieces
 33900 | Bazaar   | Bought a scroll of fog for 24 gold pieces
 33900 | Bazaar   | Bought 2 scrolls of enchant armour for 90 gold pieces
 33900 | Bazaar   | Bought a scroll of enchant armour for 45 gold pieces
 33900 | Bazaar   | Bought a scroll of teleportation for 18 gold pieces
 34018 | Shoals:1 | Entered Level 1 of the Shoals
 34478 | Shoals:1 | Noticed Mlioglotl
 34490 | Shoals:1 | Killed Mlioglotl
 34594 | Shoals:1 | Noticed Kirke
 34890 | Shoals:1 | Killed Kirke
 34935 | Shoals:1 | Reached XP level 19. HP: 231/231 MP: 21/21
 35382 | Shoals:2 | Noticed Polyphemus
 35583 | Shoals:2 | Killed Polyphemus
 36258 | Shoals:2 | Found Hak Ceir's Firing Range.
 36570 | Shoals:3 | Reached skill level 5 in Invocations
 37336 | Shoals:3 | Noticed Bai Suzhen
 37347 | Shoals:3 | Killed Bai Suzhen
 37771 | Shoals:4 | Entered Level 4 of the Shoals
 37788 | Shoals:4 | Paralysed by a formless jellyfish for 1 turns
 37795 | Shoals:3 | Paralysed by a formless jellyfish for 1 turns
 38584 | Shoals:4 | Identified the +8 flail of Mens Rea {chaos, rElec rPois
                  | Str-2 Int+6}
 38960 | Shoals:4 | Identified the +1 robe of Dyuwnuv {rPois}
 38965 | Shoals:4 | Found a glowing silver altar of Zin.
 39269 | Shoals:4 | Found a glowing golden altar of the Shining One.
 39269 | Shoals:4 | Noticed Mara
 39305 | Shoals:4 | Noticed cforsyth's illusion
 39314 | Shoals:4 | Killed Mara
 39721 | Shoals:4 | Reached XP level 20. HP: 244/244 MP: 25/25
 39855 | Shoals:4 | Found a white marble altar of Elyvilon.
 39869 | Shoals:4 | Got a barnacled rune of Zot
 40061 | Shoals:4 | Got the Precepts of Evil Doom
 40388 | Vaults:1 | Entered Level 1 of the Vaults
 40437 | Vaults:1 | Reached skill level 24 in Fighting
 40798 | Vaults:1 | Found Ogugging's Magic Scroll Emporium.
 40803 | Vaults:1 | Bought a scroll of teleportation for 42 gold pieces
 40803 | Vaults:1 | Bought a scroll of teleportation for 42 gold pieces
 40803 | Vaults:1 | Bought a scroll of butterflies for 56 gold pieces
 42487 | Vaults:2 | Found Efo Xoyr's Magic Scroll Emporium.
 42494 | Vaults:2 | Bought a scroll of teleportation for 57 gold pieces
 42494 | Vaults:2 | Bought a scroll of acquirement for 988 gold pieces
 42919 | Vaults:2 | Found Toothumm's Antique Armour Shop.
 43247 | Vaults:2 | Got Byabbiav's Octavo of Overcast Metal
 43260 | Vaults:2 | Identified the staff of Veakec {rPois Str+4 Alchemy}
 43294 | Vaults:2 | Reached skill level 10 in Invocations
 45595 | Vaults:3 | Reached XP level 21. HP: 225/253 MP: 28/30
 46567 | Vaults:3 | Found Aqum's Weapon Boutique.
 46713 | Vaults:3 | Found a staircase to the Crypt.
 48167 | Vaults:4 | HP: 5/256 [war gargoyle/+6 morningstar of draining[a
                  | peacekeeper] (46)]
 48167 | Vaults:4 | Mangled by a war gargoyle

Illustrated notes

Levels and vault maps discovered:
D:1:      dpeg_arrival_rooms_with_view, layout_loops_ring,
          hellmonk_ecumenical_altar_lost_god, nicolae_wormholes
D:2:      layout_basic, basic_altar, minivault_14, minmay_misc_feat_cross,
          uniq_robin
D:3:      layout_loops_corners, nicolae_overflow_crystal_walls,
          gup_sewer_entry_bubbles
D:4:      layout_loops_cross, temple_hall, uniq_sigmund
D:5:      kennysheep_spiral_hall, layout_gridville, kennysheep_mini_moat,
          makhleb_altar_promises_db, lemuel_zombie_altar_yredelemnul,
          gammafunk_ghost_split, grunt_decor_one_mirror, columned_hall_lemuel,
          uniq_prince_ribbit1
D:6:      kennysheep_kobold_camp, layout_rooms, lemuel_crystal_altar,
          uniq_duvessa
D:7:      layout_loops_ring, kennysheep_orc_sif_temple, serial_shops,
          nicolae_shop_gibbet_a_chance, minmay_quadrilaterals
D:8:      layout_gridville, mainiacjoe_overflow_chevrons, uniq_gastronok
D:9:      layout_layer_cave, zin_statuary,
          nicolae_dithmenos_through_a_glass_darkly, enter_bailey_3
D:10:     layout_stronghold, dpeg_lair_monsters
D:11:     layout_roguey, erik_orc_3, hangedman_decor_push, minmay_orc_keep,
          uniq_lodul
D:12:     layout_big_octagon, portal_ice_cave_entry_animals_and_master
D:13:     layout_grid_maze, nicolae_trove_entry_crossroad, serial_rivers,
          chequers_serial_rivers_room_a, chequers_serial_rivers_micro_c,
          chequers_serial_rivers_small_b, chequers_serial_rivers_micro_e,
          chequers_serial_rivers_micro_c, uniq_erolcha
D:14:     layout_basic, david_vaults_2
D:15:     hellmonk_depths_entry_around_the_bend, layout_layer_cave,
          gammafunk_ghost_split, dk_noncrumbling_4
Temple:   cyrus_circular_temple
Lair:1:   layout_gridlike, uniq_amaemon
Lair:2:   layout_roguey, guppyfry_snake_entry_garden, kennysheep_abandoned_house
Lair:3:   layout_hall_layers, nicolae_shoals_entry_roost,
          grunt_forest_large_clearings
Lair:4:   layout_loops_ring, nicolae_slime_entry_slimehenge,
          cheibrodos_lair_reptile_den, grunt_megastairs_4
Lair:5:   grunt_lair_end_beastmaster, layout_regular_city, uniq_josephine,
          uniq_nessos
Shoals:1: layout_shoals, uniq_mlioglotl, uniq_kirke
Shoals:2: layout_shoals, nicolae_shop_firing_range, uniq_polyphemus
Shoals:3: layout_shoals, uniq_bai_suzhen
Shoals:4: shoals_end_hellmonk_holy_island, uniq_mara
Snake:1:  layout_gridlike, minmay_shoptagon
Snake:2:  layout_cave_town
Snake:3:  layout_misc_corridors, ebering_ghost_gozag, grunt_ministairs_2,
          nicolae_snake_round_shape_thing, uniq_vashnia
Snake:4:  johnstein_snake_rune_scales, layout_misc_corridors, serial_shops,
          bzr_in_the_mist, lemuel_fruit_tree, uniq_aizul, uniq_louise,
          uniq_nikola
Orc:1:    layout_diamond_mine, nicolae_orc_lava_room
Orc:2:    grunt_orc_cross, layout_diamond_mine, basic_altar,
          kennysheep_orc_chapel, uniq_snorg, uniq_azrael, uniq_saint_roka
Vaults:1: nicolae_vaults_storage_room_statues, v_alt_pattern_6,
          grunt_vaults_funnel, hangedman_vaults_stretched_pinwheel,
          vaults_room_pool, nicolae_vaults_house_3, v_misc_3,
          layout_vaults_quadrants, serial_shops, nicolae_shop_just_a_little_nook
Vaults:2: hangedman_vaults_corner, hangedman_vaults_stretched_pinwheel,
          nicolae_vaults_trapezoid_lopsided_2,
          nicolae_vaults_variable_pillar_hall, nicolae_vaults_cochlea,
          hangedman_vaults_maws, v_alt_pattern_3,
          nicolae_vaults_door_testing_chamber, nicolae_vaults_turnstiles,
          vaults_room_grid, nicolae_vaults_heart-shaped_vault,
          nicolae_vaults_trapezoid_2, vaults_room_hangedman_quadrants,
          nicolae_vaults_mini_display_case, layout_vaults_big_cross,
          serial_shops, shop, shop
Vaults:3: nicolae_vaults_double_plus_1, minmay_crypt_entry_simple_box,
          hangedman_vaults_slither, nicolae_vaults_frosty_reception,
          nicolae_vaults_closet_pinwheel_6, v_misc_33,
          nicolae_vaults_know_your_exits,
          nicolae_vaults_taking_the_gang_shopping, vaults_room_boxed,
          nicolae_vaults_variable_pillar_hall, nicolae_vaults_asterisk,
          grunt_vaults_focal, nicolae_vaults_trapezoid_3,
          nicolae_vaults_offset_grid_hallway_3, layout_vaults_omnibox
Vaults:4: nicolae_vaults_alarming, nicolae_vaults_specimen_jars,
          nicolae_vaults_what_the_h, nicolae_vaults_tetromino_T_2,
          hangedman_vaults_slice, nicolae_vaults_network_star,
          vaults_mumra_hexcomb, nicolae_vaults_diamond_1, v_pattern_1,
          vaults_room_octagon, grunt_vaults_bifocal, nicolae_vaults_little_ls,
          nicolae_vaults_apartment_1, ontoclasm_vaults_loading_screen,
          nicolae_vaults_double_plus_1, layout_vaults_chaotic_city

Skill      XL: |  1  2  3  4  5  6  7  8  9 10 11 12 13 14 15 16 17 18 19 20 21 |
---------------+----------------------------------------------------------------+-----
Fighting       | 2 3 4 5 6 8 10 12 14 16 17 18 20 21 22 23 24 | 24.1
Unarmed Combat | 3 4 5 6 7 9 10 11 12 13 14 15 16 17 | 17.8
Shapeshifting  | 4 5 6 7 9 10 11 12 13 14 15 16 17 18 19 | 19.6
Dodging        | 2 5 7 9 10 12 13 | 13.2
Invocations    | 3 7 12 14 | 14.1

Action                     |  1- 3 |  4- 6 |  7- 9 | 10-12 | 13-15 | 16-18 | 19-21 || total
---------------------------+-------+-------+-------+-------+-------+-------+-------++-------
  Melee: Unarmed           |    77 |   152 |   321 |   574 |   744 |   987 |  1003 ||  3858
         Headbutt          |    14 |    31 |    56 |    64 |       |       |       ||   165
         Punch             |     2 |     2 |    15 |    15 |       |       |       ||    34
         Constrict         |       |       |       |    58 |   157 |   215 |   228 ||   658
  Evoke: Wand              |       |       |       |       |       |       |     4 ||     4
    Use: Potion            |     1 |     1 |     1 |       |       |    10 |     4 ||    17
         Scroll            |       |     5 |     6 |    16 |     2 |     2 |     4 ||    35
   Stab: Petrified         |       |       |       |       |     4 |       |     5 ||     9
         Invisible         |       |       |       |       |       |       |     1 ||     1
 Armour: Animal skin       |    25 |    63 |       |       |       |       |       ||    88
         Skin              |    15 |       |    11 |    68 |   364 |   487 |   621 ||  1566
         Troll leather arm |       |     9 |    96 |   110 |       |       |       ||   215
  Dodge: Dodged            |    45 |   121 |   292 |   437 |   709 |   852 |   729 ||  3185
         Repelled          |       |       |       |     3 |     4 |    43 |    16 ||    66
  Block: Other             |       |       |    11 |   105 |   251 |   312 |   293 ||   972
   Form: Serpent           |       |       |       |     1 |       |       |       ||     1

Table legend: (Time is in decaauts)
 A = Elapsed time spent in this place.
 B = Non-inter-level travel time spent in this place.
 C = Inter-level travel time spent in this place.
 D = Time resting spent in this place.
 E = Time spent auto-exploring this place.
 F = Levels seen in this place.
 G = Mean time per level.
                   A        B        C        D        E       F      G
               +--------+--------+--------+--------+--------+-----+--------+
         Total |  47353 |  45228 |   2125 |  10200 |  27485 |  39 | 1214.2 |
       Dungeon |  16358 |  15197 |   1161 |    854 |  11711 |  15 | 1090.5 |
        Temple |     14 |      7 |      7 |      0 |      0 |   1 |   14.0 |
          Lair |   6782 |   6392 |    390 |   1651 |   3782 |   5 | 1356.4 |
        Shoals |   5744 |   5574 |    170 |   1867 |   2828 |   4 | 1436.0 |
     Snake Pit |   7001 |   6839 |    162 |   2944 |   2921 |   4 | 1750.2 |
  Orcish Mines |   1781 |   1709 |     72 |    136 |   1213 |   2 |  890.5 |
        Vaults |   7580 |   7420 |    160 |   2285 |   4082 |   4 | 1895.0 |
        Bazaar |     65 |     65 |      0 |      0 |     49 |   1 |   65.0 |
         Sewer |    544 |    544 |      0 |    225 |    191 |   1 |  544.0 |
        Bailey |    532 |    532 |      0 |    128 |    118 |   1 |  532.0 |
      Ice Cave |    947 |    947 |      0 |    108 |    590 |   1 |  947.0 |
               +--------+--------+--------+--------+--------+-----+--------+

Top non-repeatable levels by time:
 Snake:3: 3993 daAuts
Vaults:3: 2777 daAuts
Shoals:3: 2362 daAuts
  Lair:4: 2292 daAuts
Vaults:2: 2090 daAuts
    D:10: 1911 daAuts
Vaults:1: 1820 daAuts
 Snake:2: 1495 daAuts
    D:15: 1451 daAuts
     D:9: 1448 daAuts
Shoals:1: 1412 daAuts
  Lair:5: 1310 daAuts
  Lair:3: 1294 daAuts
     D:5: 1263 daAuts
    D:14: 1154 daAuts
